SNL (28 & UNDER)
WEST VIRGINIA POWER @ GAINESVILLE GUIDOS
06/19/2024
 
TOP OF THE 1ST
West Virginia Power batting - Pitching for Gainesville Guidos : RHP Ronald Adams
Pitching: RHP Ronald Adams
Batting: LHB Jesús Ángel 0-0: Called Strike
0-1: Swinging Strike
0-2: Ball
1-2: Ball
2-2: Ball
3-2: Foul Ball, location: 2F
3-2: Strikes out swinging
Batting: RHB Alfonso Huertas 0-0: Ball
1-0: Foul Ball, location: 2F
1-1: Ball
2-1: Ball
3-1: Called Strike
3-2: Base on Balls
Batting: LHB Fernando Ortíz 0-0: Ball
1-0: Foul Ball, location: 2F
1-1: DOUBLE (Flyball, 9LS)
Alfonso Huertas to third
Runner from 3rd tries for Home, SAFE, no throw or cutoff
Batting: LHB Pablo Reyes 0-0: Ball
1-0: Called Strike
1-1: Foul Ball, location: 2F
1-2: Strikes out swinging
Batting: SHB Edward Bartlett 0-0: Called Strike
0-1: Ball
1-1: SINGLE (Line Drive, 56)
Fernando Ortíz to third
Runner from 3rd tries for Home, SAFE, no throw or cutoff
Batting: LHB Luis Pérez 0-0: Fly out, F7 (Flyball, 7LM)
Top of the 1st over - 2 run(s), 2 hit(s), 0 error(s), 1 left on base; West Virginia 2 - Gainesville 0
BOTTOM OF THE 1ST
Gainesville Guidos batting - Pitching for West Virginia Power : RHP Mitch Irwin
Pitching: RHP Mitch Irwin
Batting: RHB Mitch Thomas 0-0: Ground out 2-3 (Groundball, 2L)
Batting: RHB Pedro Mata 0-0: Ball
1-0: Called Strike
1-1: Fly out, F6 (Line Drive, 6)
Batting: LHB Dave Watt 0-0: Ball
1-0: Ball
2-0: Ball
3-0: Base on Balls
Batting: LHB David Murphy 0-0: Ball
1-0: Called Strike
1-1: Called Strike
1-2: SINGLE (Line Drive, 89S)
Dave Watt to second
Runner from 2nd tries for 3rd, SAFE, throw made to third
David Murphy to second
Batting: LHB Ed Murray 0-0: Called Strike
0-1: Ball
1-1: Swinging Strike
1-2: Strikes out swinging
Bottom of the 1st over - 0 run(s), 1 hit(s), 0 error(s), 2 left on base; West Virginia 2 - Gainesville 0
TOP OF THE 2ND
West Virginia Power batting - Pitching for Gainesville Guidos : RHP Ronald Adams
Batting: RHB Dave McGrath 0-0: Foul Ball, location: 2F
0-1: Called Strike
0-2: Strikes out swinging
Batting: RHB Will Lott 0-0: Ball
1-0: Ball
2-0: Ball
3-0: Called Strike
3-1: Foul Ball, location: 2F
3-2: Base on Balls
Batting: RHB Brett Bell 0-0: Called Strike
0-1: 2-RUN HOME RUN (Flyball, 8LXD), Distance : 429 ft
Batting: LHB Jesús Ángel 0-0: Ball
1-0: SINGLE (Line Drive, 6M)
Batting: RHB Alfonso Huertas 0-0: Ball
Jesús Ángel is caught stealing 2nd base
1-0: Called Strike
1-1: SINGLE (Line Drive, 6M)
Batting: LHB Fernando Ortíz 0-0: Ball
Alfonso Huertas steals 2nd base
1-0: Called Strike
1-1: Called Strike
1-2: Strikes out swinging
Top of the 2nd over - 2 run(s), 3 hit(s), 0 error(s), 1 left on base; West Virginia 4 - Gainesville 0
BOTTOM OF THE 2ND
Gainesville Guidos batting - Pitching for West Virginia Power : RHP Mitch Irwin
Batting: RHB Iván Moreno 0-0: Called Strike
0-1: Ball
1-1: Ball
2-1: Foul Ball, location: 2F
2-2: Foul Ball, location: 2F
2-2: Ball
3-2: Base on Balls
Batting: LHB Ed Hart 0-0: Foul Ball, location: 2F
0-1: Ball
Iván Moreno is caught stealing 2nd base
1-1: Foul Ball, location: 2F
1-2: Strikes out swinging
Batting: RHB Tetsunori Ito 0-0: Called Strike
0-1: Called Strike
0-2: Strikes out swinging
Bottom of the 2nd over - 0 run(s), 0 hit(s), 0 error(s), 0 left on base; West Virginia 4 - Gainesville 0
TOP OF THE 3RD
West Virginia Power batting - Pitching for Gainesville Guidos : RHP Ronald Adams
Batting: LHB Pablo Reyes 0-0: Ball
1-0: Swinging Strike
1-1: SINGLE (Groundball, 34)
Batting: SHB Edward Bartlett 0-0: Ball
1-0: Foul Ball, location: 2F
1-1: Ball
2-1: Foul Ball, location: 2F
2-2: Ball
3-2: Base on Balls
Pablo Reyes to second
Batting: LHB Luis Pérez 0-0: Ball
1-0: Called Strike
1-1: Swinging Strike
1-2: Ground out 3-1 (Groundball, 34)
Pablo Reyes to third
Edward Bartlett to second
Batting: RHB Dave McGrath 0-0: Ball
1-0: Foul Ball, location: 2F
1-1: Ball
2-1: Swinging Strike
2-2: Ball
3-2: Strikes out swinging
Batting: RHB Will Lott 0-0: Ball
1-0: Called Strike
1-1: Ball
2-1: Foul Ball, location: 2F
2-2: Foul Ball, location: 2F
2-2: Foul Ball, location: 2F
2-2: Foul Ball, location: 2F
2-2: Ball
3-2: Strikes out swinging
Top of the 3rd over - 0 run(s), 1 hit(s), 0 error(s), 2 left on base; West Virginia 4 - Gainesville 0
BOTTOM OF THE 3RD
Gainesville Guidos batting - Pitching for West Virginia Power : RHP Mitch Irwin
Batting: RHB Ben Morton 0-0: Foul Ball, location: 2F
0-1: Ball
1-1: Foul Ball, location: 2F
1-2: Foul Ball, location: 2F
1-2: Foul Ball, location: 2F
1-2: Foul Ball, location: 2F
1-2: Ball
2-2: Foul Ball, location: 2F
2-2: Foul Ball, location: 2F
2-2: Ground out 5-3 (Groundball, 56)
Batting: RHB Mitch Thomas 0-0: Called Strike
0-1: Ball
1-1: Fly out, F9 (Flyball, 9S)
Batting: RHB Pedro Mata 0-0: Swinging Strike
0-1: Swinging Strike
0-2: Hit by Pitch
Batting: LHB Dave Watt 0-0: Ball
1-0: Ball
2-0: Ball
3-0: Called Strike
3-1: Swinging Strike
3-2: Strikes out swinging
Bottom of the 3rd over - 0 run(s), 0 hit(s), 0 error(s), 1 left on base; West Virginia 4 - Gainesville 0
TOP OF THE 4TH
West Virginia Power batting - Pitching for Gainesville Guidos : RHP Ronald Adams
Batting: RHB Brett Bell 0-0: Called Strike
0-1: Ball
1-1: Foul Ball, location: 2F
1-2: Foul Ball, location: 2F
1-2: Foul Ball, location: 2F
1-2: Foul Ball, location: 2F
1-2: Ground out 6-3 (Groundball, 6M)
Pitching: RHP Gustavo Ávila
Batting: LHB Jesús Ángel 0-0: SINGLE (Line Drive, 6M)
Batting: RHB Alfonso Huertas 0-0: Called Strike
0-1: Ball
1-1: Ball
2-1: Ball
3-1: Called Strike
3-2: Foul Ball, location: 2F
3-2: Strikes out swinging
Batting: LHB Fernando Ortíz 0-0: Ball
Jesús Ángel steals 2nd base
1-0: Fly out, F7 (Flyball, 7LD)
Top of the 4th over - 0 run(s), 1 hit(s), 0 error(s), 1 left on base; West Virginia 4 - Gainesville 0
BOTTOM OF THE 4TH
Gainesville Guidos batting - Pitching for West Virginia Power : RHP Mitch Irwin
Batting: LHB David Murphy 0-0: Ground out 4-3 (Groundball, 4)
Batting: LHB Ed Murray 0-0: SINGLE (Line Drive, 34D)
Batting: RHB Iván Moreno 0-0: Ball
Ed Murray is caught stealing 2nd base
1-0: Swinging Strike
1-1: Foul Ball, location: 2F
1-2: Foul Ball, location: 2F
1-2: Ball
2-2: Strikes out swinging
Bottom of the 4th over - 0 run(s), 1 hit(s), 0 error(s), 0 left on base; West Virginia 4 - Gainesville 0
TOP OF THE 5TH
West Virginia Power batting - Pitching for Gainesville Guidos : RHP Gustavo Ávila
Batting: LHB Pablo Reyes 0-0: Ball
1-0: Ball
2-0: Ball
3-0: Base on Balls
Batting: SHB Edward Bartlett 0-0: Called Strike
0-1: Ball
1-1: DOUBLE (Line Drive, 7LM)
Pablo Reyes to third
Batting: LHB Luis Pérez 0-0: Ball
1-0: Ball
2-0: Called Strike
2-1: Called Strike
2-2: Ball
3-2: Base on Balls
Batting: RHB Dave McGrath 0-0: Called Strike
0-1: Ball
1-1: Foul Ball, location: 2F
1-2: Strikes out swinging
Batting: RHB Will Lott 0-0: Called Strike
0-1: Foul Ball, location: 2F
0-2: Ball
1-2: Ball
2-2: Ball
3-2: Base on Balls
Pablo Reyes scores
Edward Bartlett to third
Luis Pérez to second
Batting: RHB Brett Bell 0-0: Swinging Strike
0-1: Called Strike
0-2: Ball
1-2: SINGLE (Groundball, 6MD)
Edward Bartlett scores
Luis Pérez to third
Will Lott to second
Batting: LHB Jesús Ángel 0-0: Called Strike
0-1: Ball
1-1: Grounds into double play, 5-4-3 (Groundball, 5D)
Top of the 5th over - 2 run(s), 2 hit(s), 0 error(s), 2 left on base; West Virginia 6 - Gainesville 0
BOTTOM OF THE 5TH
Gainesville Guidos batting - Pitching for West Virginia Power : RHP Mitch Irwin
Batting: LHB Ed Hart 0-0: Called Strike
0-1: Swinging Strike
0-2: Ball
1-2: Foul Ball, location: 2F
1-2: Fly out, F8 (Flyball, 8RD)
Batting: RHB Tetsunori Ito 0-0: Ball
1-0: Foul Ball, location: 2F
1-1: Ball
2-1: Ball
3-1: Base on Balls
Batting: RHB Ben Morton 0-0: Ball
1-0: Called Strike
1-1: Foul Ball, location: 2F
1-2: Foul Ball, location: 2F
1-2: Foul Ball, location: 2F
1-2: Strikes out looking
Batting: RHB Mitch Thomas 0-0: Called Strike
0-1: Swinging Strike
0-2: Ball
1-2: Fly out, F7 (Flyball, 78D)
Bottom of the 5th over - 0 run(s), 0 hit(s), 0 error(s), 1 left on base; West Virginia 6 - Gainesville 0
TOP OF THE 6TH
West Virginia Power batting - Pitching for Gainesville Guidos : RHP Gustavo Ávila
Batting: RHB Alfonso Huertas 0-0: Foul Ball, location: 2F
0-1: Ground out 4-3 (Groundball, 34)
Pitching: RHP Marlon Ryan
Batting: LHB Fernando Ortíz 0-0: Called Strike
0-1: Ground out 5-3 (Groundball, 15S)
Batting: LHB Pablo Reyes 0-0: Foul Ball, location: 2F
0-1: Ball
1-1: Swinging Strike
1-2: Foul Ball, location: 2F
1-2: Ball
2-2: Strikes out swinging
Top of the 6th over - 0 run(s), 0 hit(s), 0 error(s), 0 left on base; West Virginia 6 - Gainesville 0
BOTTOM OF THE 6TH
Gainesville Guidos batting - Pitching for West Virginia Power : RHP Mitch Irwin
Batting: RHB Pedro Mata 0-0: Called Strike
0-1: Ball
1-1: Fly out, F7 (Flyball, 8LM)
Batting: LHB Dave Watt 0-0: Called Strike
0-1: Swinging Strike
0-2: Ball
1-2: Strikes out swinging
Batting: LHB David Murphy 0-0: Called Strike
0-1: Foul Ball, location: 2F
0-2: Ball
1-2: Ball
2-2: Ground out 4-3 (Groundball, 4)
Bottom of the 6th over - 0 run(s), 0 hit(s), 0 error(s), 0 left on base; West Virginia 6 - Gainesville 0
TOP OF THE 7TH
West Virginia Power batting - Pitching for Gainesville Guidos : RHP Marlon Ryan
Batting: SHB Edward Bartlett 0-0: Called Strike
0-1: Ball
1-1: Ball
2-1: Foul Ball, location: 2F
2-2: Fly out, F7 (Flyball, 78M)
Batting: LHB Luis Pérez 0-0: Foul Ball, location: 2F
0-1: Ball
1-1: Ball
2-1: Fly out, F7 (Flyball, 7M)
Batting: RHB Dave McGrath 0-0: Ball
1-0: Ball
2-0: Ball
3-0: Base on Balls
Batting: RHB Will Lott 0-0: Ball
1-0: Ball
2-0: Foul Ball, location: 2F
2-1: Ball
3-1: Swinging Strike
3-2: Foul Ball, location: 2F
3-2: Foul Ball, location: 2F
3-2: Base on Balls
Dave McGrath to second
Batting: RHB Brett Bell 0-0: Called Strike
0-1: Swinging Strike
0-2: Ball
1-2: Strikes out looking
Top of the 7th over - 0 run(s), 0 hit(s), 0 error(s), 2 left on base; West Virginia 6 - Gainesville 0
BOTTOM OF THE 7TH
Gainesville Guidos batting - Pitching for West Virginia Power : RHP Mitch Irwin
Batting: LHB Ed Murray 0-0: SINGLE (Groundball, 4MD)
Batting: RHB Iván Moreno 0-0: Ball
1-0: Fly out, F9 (Flyball, 9M)
Batting: LHB Ed Hart 0-0: Foul Ball, location: 2F
0-1: Ball
1-1: SINGLE (Groundball, 6MD)
Ed Murray to second
Runner from 2nd tries for 3rd, SAFE, no throw or cutoff
Batting: RHB Tetsunori Ito 0-0: Ball
1-0: Ball
2-0: Ball
3-0: Called Strike
3-1: Fly out, F9 (Popup, 3D)
Batting: RHB Ben Morton 0-0: Fly out, F4 (Line Drive, 4M)
Bottom of the 7th over - 0 run(s), 2 hit(s), 0 error(s), 2 left on base; West Virginia 6 - Gainesville 0
TOP OF THE 8TH
West Virginia Power batting - Pitching for Gainesville Guidos : RHP Marlon Ryan
Batting: LHB Jesús Ángel 0-0: Ground out 6-3 (Groundball, 6)
Pitching: RHP Keith Elkins
Batting: RHB Alfonso Huertas 0-0: Called Strike
0-1: Ball
1-1: Ball
2-1: SINGLE (Line Drive, 4)
Batting: LHB Fernando Ortíz 0-0: Ball
1-0: Foul Ball, location: 2F
1-1: Called Strike
1-2: Ball
2-2: Strikes out looking
Batting: LHB Pablo Reyes 0-0: Called Strike
Alfonso Huertas is caught stealing 2nd base
Top of the 8th over - 0 run(s), 1 hit(s), 0 error(s), 0 left on base; West Virginia 6 - Gainesville 0
BOTTOM OF THE 8TH
Gainesville Guidos batting - Pitching for West Virginia Power : RHP Mitch Irwin
Batting: RHB Mitch Thomas 0-0: Called Strike
0-1: Foul Ball, location: 2F
0-2: Ball
1-2: Fly out, F8 (Flyball, 8RM)
Batting: RHB Pedro Mata 0-0: Called Strike
0-1: Ball
1-1: Swinging Strike
1-2: Ball
2-2: Strikes out swinging
Batting: LHB Dave Watt 0-0: Called Strike
0-1: Ball
1-1: Foul Ball, location: 2F
1-2: Foul Ball, location: 2F
1-2: Strikes out swinging
Bottom of the 8th over - 0 run(s), 0 hit(s), 0 error(s), 0 left on base; West Virginia 6 - Gainesville 0
TOP OF THE 9TH
West Virginia Power batting - Pitching for Gainesville Guidos : RHP Keith Elkins
Batting: LHB Pablo Reyes 0-0: Ball
1-0: Ground out U3 (Groundball, 3S)
Batting: SHB Edward Bartlett 0-0: Called Strike
0-1: Called Strike
0-2: Ball
1-2: Foul Ball, location: 2F
1-2: Fly out, F8 (Line Drive, 8LS)
Batting: LHB Luis Pérez 0-0: Ball
1-0: Called Strike
1-1: Swinging Strike
1-2: Strikes out swinging
Top of the 9th over - 0 run(s), 0 hit(s), 0 error(s), 0 left on base; West Virginia 6 - Gainesville 0
BOTTOM OF THE 9TH
Gainesville Guidos batting - Pitching for West Virginia Power : RHP Mitch Irwin
Now at 1B: Vicente Torres
Now at 3B: Ron Guillén
Batting: LHB David Murphy 0-0: Ground out 6-3 (Groundball, 6M)
Batting: LHB Ed Murray 0-0: Ball
1-0: Fly out, F4 (Line Drive, 34)
Batting: RHB Iván Moreno 0-0: Called Strike
0-1: Foul Ball, location: 2F
0-2: Ground out 4-3 (Groundball, 4)
Bottom of the 9th over - 0 run(s), 0 hit(s), 0 error(s), 0 left on base; West Virginia 6 - Gainesville 0
This league is powered by Out of the Park Baseball, the baseball management simulation game for PC, Mac and Linux
Saturday, April 9th, 2016 - OOTP Baseball 16.8 Build 38